 Dungeon Crawl Stone Soup version 0.28.0-45-g0d030f2227 (webtiles) character file.

Game seed: 3839665630843330144

45 Kangaroobicon the Cudgeller (level 3, -1/36 HPs)
             Began as a Troll Berserker on Apr 3, 2022.
             Was a Believer of Trog.
             Slain by an adder (2 damage)
             ... on level 2 of the Dungeon.
             The game lasted 00:10:40 (959 turns).

Kangaroobicon the Cudgeller (Troll Berserker)        Turns: 959, Time: 00:10:41

Health: -1/36      AC:  4    Str: 25    XL:     3   Next: 42%
Magic:  2/2        EV: 10    Int:  3    God:    Trog [**....]
Gold:   98         SH:  0    Dex: 11    Spells: 2/2 levels left

rFire   . . .      SeeInvis .   a - +0 mace
rCold   . . .      Faith    .   (no shield)
rNeg    + . .      Spirit   .   b - +0 animal skin
rPois   .          Reflect  .   (helmet restricted)
rElec   .          Harm     .   (no cloak)
rCorr   .          Rampage  .   (gloves unavailable)
Will    .....                   (boots unavailable)
Stlth   +.........              (no amulet)
HPRegen 0.92/turn               c - ring of positive energy
MPRegen 0.08/turn               (no ring)

@: lethally poisoned (-1 -> -6)
A: large, unfitting armour, claws 3, regeneration 1, shaggy fur 1, tough skin 1
a: Renounce Religion, Berserk, Trog's Hand


You were on level 2 of the Dungeon.
You worshipped Trog.
Trog was pleased with you.
You visited 1 branch of the dungeon, and saw 2 of its levels.

You collected 98 gold pieces.

Inventory:

Hand Weapons
 a - a +0 mace (weapon)
 e - a +0 hunting sling of freezing
 f - a +3 dagger
Missiles
 g - 6 stones (quivered)
 i - 46 bolts
 j - 17 arrows
Armour
 b - a +0 animal skin (worn)
Jewellery
 c - a ring of positive energy (left claw)
Scrolls
 d - a scroll of vulnerability {unknown}
 h - a scroll of noise {unknown}
Potions
 k - 2 potions of curing {unknown}
 l - a potion of invisibility {unknown}


   Skills:
 + Level 2.7 Fighting
 + Level 3.3 Maces & Flails
 + Level 2.9 Dodging


You had 2 spell levels left.
You didn't know any spells.
Your spell library contained the following spells:

 Spells                   Type           Power      Damage    Failure   Level
 Gell's Gravitas          Tloc           0%         N/A       88%         3
 Teleport Other           Tloc           0%         N/A       88%         3
 Dispersal                Tloc           0%         N/A       100%        6


Dungeon Overview and Level Annotations

Branches:
Dungeon (2/15)

Altars:


Innate Abilities, Weirdness & Mutations

You are too large for most types of armour.
You have claws for hands.
Your natural rate of healing is unusually fast.
You are covered in fur. (AC +1)
You have tough skin. (AC +1)


Message History

The adder poisons you!
You miss the adder.
The adder is lightly wounded.
You feel sick. The adder bites you. The adder closely misses you.
The adder barely misses you.
You hit the adder but do no damage.
You feel sick. The adder bites you. The adder bites you but does no damage.
The adder barely misses you. The adder closely misses you.
You miss the adder.
You feel sick. The adder closely misses you.
The adder bites you but does no damage. x2
You hit the adder.
The adder is moderately wounded.
You feel sick. The adder bites you. The adder misses you. The adder bites you.
You miss the adder.
The adder is moderately wounded.
You feel sick.
You are no longer poisoned.
The adder bites you.
You are poisoned.
The adder poisons you! The adder bites you.
You are more poisoned.
The adder poisons you! The adder bites you but does no damage.
You closely miss the adder.
The adder is moderately wounded.
You feel very sick. The adder bites you but does no damage.
The adder closely misses you. The adder bites you.
* * * LOW HITPOINT WARNING * * *
You are more poisoned.
The adder poisons you!
You hit the adder.
The adder is severely wounded.
* * * LOW HITPOINT WARNING * * *
You feel very sick. The adder bites you.
* * * LOW HITPOINT WARNING * * *
The adder bites you.
* * * LOW HITPOINT WARNING * * *
The adder bites you.
You die...

## #.# ##.......##
##.##.#
.##.........####...#.###
.'.........'...........
#.........####...#.###
#.......# ##.##.# #.$#.
#.....# ####.# ...#.
#SS.# #..# ##....### #@#
#.## .......# #.# #.#
#.#...####.# #.#
#.......##.###########.#
#.......#...#.......##.#
#.............#####.##.#
#####...###...#.# #.##.#
................# #..>.#
###############.# #.####


You could see 2 adders.

Vanquished Creatures
  A dart slug (D:1)
  6 ball pythons
  5 endoplasms
  2 giant cockroaches (D:1)
  3 goblins (D:1)
  2 hobgoblins
  3 jackals (D:1)
  4 kobolds
  A quokka (D:1)
  4 bats (D:1)
  4 frilled lizards
  3 rats
38 creatures vanquished.

Vanquished Creatures (others)
  A fungus (D:1)
1 creature vanquished.

Grand Total: 39 creatures vanquished

Notes
Turn   | Place    | Note
-------+----------+-------------------------------------------
     0 | D:1      | Kangaroobicon the Troll Berserker began the quest for the
                  | Orb.
     0 | D:1      | Reached XP level 1. HP: 22/22 MP: 0/0
   113 | D:1      | Reached XP level 2. HP: 29/29 MP: 1/1
   154 | D:1      | Reached skill level 3 in Maces & Flails
   254 | D:1      | Reached ** piety under Trog
   398 | D:1      | Reached XP level 3. HP: 36/36 MP: 2/2
   562 | D:1      | Found a faded altar of an unknown god.
   959 | D:2      | HP: 1/36 [adder (3)]
   959 | D:2      | Slain by an adder

Illustrated notes

Levels and vault maps discovered:
D:1:      dpeg_arrival_rooms_c, layout_loops_ring,
          dreamdust_ecumenical_altar_hidden_monk_grotto
D:2:      layout_loops_corners, basic_altar,
          nicolae_concentric_dashed_squares_mild, solitary_fountain

Skill      XL: |  1  2 |
---------------+-------+-----
Maces & Flails | 3 |  3.3
Fighting       | |  2.7
Dodging        | |  2.9

Action                   || total
-------------------------++-------
Melee: Mace              ||   109
 Stab: Sleeping          ||     2
Armor: Animal skin       ||    36
Dodge: Dodged            ||    69
